 Dungeon Sprint DCSS version 0.29-a0-320-g9f8742066b (webtiles) character file.

Game seed: 11164137244855954882

18484 mhtbhm the Ninja (level 12, -7/135 HPs)
             Began as a Kobold Berserker on Apr 3, 2022.
             Was the Champion of Trog.
             Mangled by Polyphemus (21 damage)
             ... in the Dungeon (Sprint III: "The Ten Rune Challenge").
             The game lasted 00:09:45 (2144 turns).

mhtbhm the Ninja (Kobold Berserker)                 Turns: 2144, Time: 00:09:45

Health: -7/135     AC:  7    Str: 19    XL:     12   Next: 95%
Magic:  12/12      EV: 21    Int: 11    God:    Trog [******]
Gold:   3571       SH:  0    Dex: 16    Spells: 11/11 levels left

rFire   + . .      SeeInvis .   a - +10 short sword of Kogusiz {vorpal, rCorr}
rCold   . . .      Faith    .   (no shield)
rNeg    . . .      Spirit   .   o - +2 troll leather armour {Snorg}
rPois   .          Reflect  .   p - +0 hat
rElec   .          Harm     .   (no cloak)
rCorr   +          Rampage  +   (no gloves)
Will    .....      Rage     1%  (no boots)
Stlth   .......... NoTele   +   n - amulet "Qoklesung" {Acrobat Rampage Will- Stlth+}
HPRegen 1.12/turn               q - ring of protection from fire
MPRegen 0.13/turn               (no ring)

@: berserking, very quick
A: small, no large weapons, nightstalker 3, agile 1, berserk 1, clever 1, wild
magic 1
a: Renounce Religion, Berserk, Trog's Hand, Brothers in Arms


You were in the Dungeon.
You worshipped Trog.
Trog was exalted by your worship.
You visited 1 branch You collected 4123 gold pieces.
You spent 552 gold pieces at shops.

Inventory:

Hand Weapons
 a - the +10 short sword of Kogusiz (weapon) {vorpal, rCorr}
   (Trog gifted it to you in the Dungeon)

   It inflicts extra damage upon your enemies.
   rCorr:     It protects you from acid and corrosion.
Missiles
 h - 5 curare-tipped darts (quivered)
Armour
 b - the +3 leather armour of Eternal Night {rElec rF+ Int+3}
   (You bought it in a shop in the Dungeon)

   Int:       It affects your intelligence (+3).
   rF:        It protects you from fire.
   rElec:     It insulates you from electricity.
 o - a +2 troll leather armour (worn) {Snorg}
 p - a +0 hat (worn)
Jewellery
 n - the amulet "Qoklesung" (around neck) {Acrobat Rampage Will- Stlth+}
   (You bought it in a shop in the Dungeon)

   [amulet of the acrobat]

   It increases your evasion while moving and waiting.
   Rampage:   It bestows one free step when moving towards enemies.
   Will:      It decreases your willpower.
   Stlth:     It makes you more stealthy.
 q - a ring of protection from fire (left hand)
Scrolls
 i - 2 scrolls of torment
 j - 2 scrolls of identify
Potions
 c - a potion of invisibility {unknown}
 d - 2 potions of heal wounds
 e - a potion of might
 f - 3 potions of magic
 g - 3 potions of berserk rage
 k - 4 potions of flight
 l - 3 potions of mutation
Miscellaneous
 m - a box of beasts


   Skills:
 + Level 16.8 Fighting
 + Level 20.4 Short Blades
 + Level 1.5 Throwing
 + Level 6.4 Armour
 + Level 11.6 Dodging
 O Level 27 Stealth
 + Level 1.5 Evocations


You had 11 spell levels left.
You didn't know any spells.
Your spell library was empty.

Dungeon Overview and Level Annotations

Branches:
Dungeon (1/1)

Altars:
Cheibriados
Dithmenos
Elyvilon
Fedhas
Gozag
Hepliaklqana
Kikubaaqudgha
Makhleb
Nemelex Xobeh
Okawaru
Qazlal
Ru
Sif Muna
Trog
Uskayaw
Vehumet
Wu Jian
Xom
Yredelemnul
Zin
The Shining One
Beogh
Jiyva
Lugonu

Shops:
D (=!!((:[?[(*

Annotations:
D Polyphemus


Innate Abilities, Weirdness & Mutations

You are small and have problems with some larger weapons.
You are completely attuned to the shadows.
You are agile. (Dex +2)
You tend to lose your temper in combat.
Your mind is acute. (Int +2)
Your spells are a little harder to cast, but a little more powerful.


Message History

You feel much better. Polyphemus closely misses you. Polyphemus misses you.
Unknown command.
Throw: 6 darts (curare)
Press: ? - help, Q - select action, (/) - cycle Shift-Dir - straight line, f/p - Polyphemus
Aim: Polyphemus, quivering large rocks (88% to hit)
You throw a curare-tipped dart. The curare-tipped dart hits Polyphemus.
Polyphemus is poisoned.
Polyphemus convulses.
Polyphemus seems to slow down.
Polyphemus is lightly wounded.
Polyphemus hits you!!
* * * LOW HITPOINT WARNING * * *
Polyphemus hits you!
* * * LOW HITPOINT WARNING * * *
Unknown command.
You feel much better.
A red film seems to cover your vision as you go berserk!
You feel yourself moving faster!
You feel mighty! Polyphemus hits you!!
* * * LOW HITPOINT WARNING * * *
Polyphemus closely misses you.
You puncture Polyphemus!
Polyphemus is lightly wounded.
You hit Polyphemus.
Polyphemus is lightly wounded.
You barely miss Polyphemus.
Polyphemus is lightly wounded.
Polyphemus completely misses you. Polyphemus misses you.
You puncture Polyphemus!
Polyphemus is moderately wounded.
You puncture Polyphemus!
Polyphemus is moderately wounded.
You puncture Polyphemus!
Polyphemus is heavily wounded.
You puncture Polyphemus!
Polyphemus is heavily wounded.
You impale Polyphemus!!
Polyphemus is severely wounded.
Polyphemus hits you!
* * * LOW HITPOINT WARNING * * *
Polyphemus hits you!!
You die...

▓...#≈≈≈§§§≈≈≈♣♣♣♣♣♣♣#..♣♣
▓..[#≈≈≈§≈≈≈≈≈♣ ###'♣♣♣♣♣
▓##'####'#######♣
♣♣♣♣.##..##
▓...........)...♣♣
♣...##.##)#
▓#+#############'♣
♣♣.##÷##†##+
...#≈P...†......♣
♣..#.##...#
▓...+≈≈...########♣♣
♣♣.##.##.)# ▓JJ.
≈≈≈........†PP♣
♣♣.##.#####
≈≈≈≈...PP..@.P♣ ♣.....#
##########C############
▓Y≈≈≈≈≈≈ ▓≈≈≈≈≈≈≈ ▓≈≈≈Y.≈≈
▓≈≈.Y..≈ ▓≈≈≈.Y≈≈ ▓≈≈≈≈≈≈≈


You could see Polyphemus (poisoned, slow) and a dream sheep.

Vanquished Creatures
  Rupert (D)
  Gastronok (D)
  Harold (D)
  2 dire elephants (D)
  Snorg (D)
  A centaur warrior (D)
  4 death yaks (D)
  Urug (D)
  An orange crystal statue (D)
  A lindwurm (D)
  Joseph (D)
  A deep elf pyromancer (D)
  2 elephants (D)
  2 black mambas (D)
  An unseen horror (D)
  A rime drake (D)
  3 wandering mushrooms (D)
  4 orc high priests (D)
  2 tyrant leeches (D)
  7 blink frogs (D)
  A shadow (D)
  3 redbacks (D)
  A spatial vortex (D)
  3 orc warriors (D)
  A swamp drake (D)
  2 centaurs (D)
  An earth elemental (D)
  A necrophage (D)
  A water elemental (D)
  5 orc priests (D)
  A jelly (D)
  A wizard (D)
  Jessica (D)
  An orc wizard (D)
  A necromancer (D)
  A kobold demonologist (D)
  3 humans (D)
  A wolf (D)
  9 orcs (D)
  3 rats (D)
79 creatures vanquished.

Vanquished Creatures (collateral kills)
  2 cane toads (D)
  A komodo dragon (D)
  A blink frog (D)
4 creatures vanquished.

Vanquished Creatures (others)
  8 plants (D)
8 creatures vanquished.

Grand Total: 91 creatures vanquished

Notes
Turn   | Place    | Note
-------+----------+-------------------------------------------
     0 | D        | mhtbhm the Kobold Berserker began the quest for the Orb.
     0 | D        | Reached XP level 1. HP: 14/14 MP: 1/1
    26 | D        | Reached ** piety under Trog
    28 | D        | Noticed Jessica
    33 | D        | Killed Jessica
    34 | D        | Reached skill level 5 in Fighting
    34 | D        | Reached skill level 1 in Stealth
    34 | D        | Reached XP level 2. HP: 20/21 MP: 2/2
    34 | D        | Reached XP level 3. HP: 24/26 MP: 3/3
    66 | D        | Reached skill level 2 in Stealth
    66 | D        | Reached XP level 4. HP: 31/32 MP: 4/4
    87 | D        | Gained mutation: You tend to lose your temper in combat.
                  | [potion of mutation]
    87 | D        | Gained mutation: You have hidden genetic potential. [potion
                  | of mutation]
    87 | D        | Gained mutation: Your mind is acute. (Int +2) [potion of
                  | mutation]
   161 | D        | Noticed a water elemental
   175 | D        | Killed a water elemental
   175 | D        | Reached *** piety under Trog
   176 | D        | Reached skill level 3 in Stealth
   176 | D        | Reached XP level 5. HP: 38/38 MP: 5/5
   193 | D        | Gained mutation: Your spells are a little harder to cast,
                  | but a little more powerful. [hidden potential]
   218 | D        | Found a radiant altar of Vehumet.
   218 | D        | Found a shimmering blue altar of Sif Muna.
   218 | D        | Found an ancient bone altar of Kikubaaqudgha.
   223 | D        | Reached skill level 4 in Stealth
   241 | D        | Found a basalt altar of Yredelemnul.
   241 | D        | Found a shadowy altar of Dithmenos.
   241 | D        | Found a sacrificial altar of Ru.
   243 | D        | Reached **** piety under Trog
   244 | D        | Reached skill level 10 in Short Blades
   244 | D        | Reached XP level 6. HP: 44/44 MP: 6/6
   245 | D        | Reached skill level 5 in Dodging
   245 | D        | Reached skill level 5 in Stealth
   253 | D        | Gained mutation: You are agile. (Dex +2) [hidden potential]
   253 | D        | Lost mutation: You have hidden genetic potential. [hidden
                  | potential expressed]
   255 | D        | Found a hide-covered altar of Uskayaw.
   255 | D        | Found an iron altar of Okawaru.
   255 | D        | Found a bloodstained altar of Trog.
   255 | D        | Found an ornate altar of the Wu Jian Council.
   255 | D        | Noticed a human
   256 | D        | Noticed a human
   258 | D        | Killed a human
   259 | D        | Reached skill level 7 in Stealth
   259 | D        | Reached XP level 7. HP: 51/51 MP: 7/7
   259 | D        | Killed a human
   259 | D        | Reached ***** piety under Trog
   260 | D        | Reached skill level 8 in Stealth
   271 | D        | Found a glowing silver altar of Zin.
   271 | D        | Found a glowing golden altar of the Shining One.
   271 | D        | Found a white marble altar of Elyvilon.
   272 | D        | Noticed a deep elf pyromancer
   284 | D        | Killed a deep elf pyromancer
   285 | D        | Reached skill level 10 in Fighting
   285 | D        | Reached skill level 10 in Stealth
   285 | D        | Reached XP level 8. HP: 59/59 MP: 8/8
   337 | D        | Noticed a shadow
   339 | D        | Killed a shadow
   340 | D        | Reached skill level 11 in Stealth
   347 | D        | Found a blossoming altar of Fedhas.
   347 | D        | Found a stormy altar of Qazlal.
   347 | D        | Found a snail-covered altar of Cheibriados.
   347 | D        | Found a burning altar of Makhleb.
   347 | D        | Found a shimmering altar of Xom.
   348 | D        | Found a hazy altar of Hepliaklqana.
   348 | D        | Found an opulent altar of Gozag.
   348 | D        | Found a sparkling altar of Nemelex Xobeh.
   348 | D        | Found a corrupted altar of Lugonu.
   348 | D        | Found a viscous altar of Jiyva.
   415 | D        | Noticed Snorg
   525 | D        | Killed Snorg
   526 | D        | Reached skill level 15 in Short Blades
   526 | D        | Reached skill level 13 in Stealth
   526 | D        | Reached XP level 9. HP: 65/65 MP: 9/9
   548 | D        | Reached skill level 14 in Stealth
   554 | D        | Noticed a centaur warrior
   558 | D        | Killed a centaur warrior
   559 | D        | Reached skill level 15 in Stealth
   562 | D        | Reached ****** piety under Trog
   562 | D        | Identified the +10 short sword of Kogusiz {vorpal, rCorr}
                  | (Trog gifted it to you in the Dungeon)
   562 | D        | Received a gift from Trog
   563 | D        | Reached skill level 16 in Stealth
   642 | D        | Killed an unseen horror
   643 | D        | Reached XP level 10. HP: 64/72 MP: 10/10
   676 | D        | Reached skill level 17 in Stealth
   712 | D        | Noticed a cane toad
   712 | D        | Noticed a komodo dragon
   712 | D        | Noticed a cane toad
   719 | D        | Killed a cane toad
   720 | D        | Reached skill level 18 in Stealth
   721 | D        | Killed a komodo dragon
   721 | D        | Received a gift from Trog
   722 | D        | Killed a cane toad
   818 | D        | Reached skill level 19 in Stealth
   830 | D        | Noticed a lindwurm
   833 | D        | Killed a lindwurm
   834 | D        | Reached skill level 20 in Stealth
   840 | D        | Reached XP level 11. HP: 70/79 MP: 11/11
   848 | D        | HP: 3/79 [poisoned by a redback]
  1026 | D        | Received a gift from Trog
  1027 | D        | Noticed Urug
  1029 | D        | Killed Urug
  1030 | D        | Reached skill level 21 in Stealth
  1086 | D        | Noticed Harold
  1086 | D        | Noticed Joseph
  1090 | D        | Killed Harold
  1091 | D        | Reached skill level 22 in Stealth
  1091 | D        | Killed Joseph
  1091 | D        | Received a gift from Trog
  1110 | D        | Reached skill level 23 in Stealth
  1202 | D        | Noticed an orange crystal statue
  1212 | D        | Killed an orange crystal statue
  1255 | D        | Found Wekk's Weapon Emporium.
  1255 | D        | Found Neridd's Antique Armour Shop.
  1255 | D        | Found Faurch's Distillery.
  1255 | D        | Found Hugas's General Store.
  1255 | D        | Found Beack's Weapon Boutique.
  1255 | D        | Found Teatsoeff's Book Emporium.
  1255 | D        | Found Kutamez's Distillery.
  1255 | D        | Found Meraptiabb's Antique Weapon Shop.
  1256 | D        | Found Zyfor's Jewellery Shop.
  1256 | D        | Found Moqotynk's Antique Armour Emporium.
  1257 | D        | Found Otwahut's Magic Scroll Boutique.
  1363 | D        | Found Zoklesm's Weapon Shoppe.
  1365 | D        | Received a gift from Trog
  1371 | D        | Reached skill level 24 in Stealth
  1384 | D        | Received a gift from Trog
  1598 | D        | Bought the amulet "Qoklesung" {Acrobat Rampage Will-
                  | Stlth+} for 391 gold pieces
  1609 | D        | Bought a polished leather armour for 161 gold pieces
  1609 | D        | Identified the +3 leather armour of Eternal Night {rElec
                  | rF+ Int+3} (You bought it in a shop in the Dungeon)
  1742 | D        | Received a gift from Trog
  1783 | D        | Reached skill level 15 in Fighting
  1783 | D        | Reached skill level 10 in Dodging
  1789 | D        | Noticed Rupert
  1806 | D        | Killed Rupert
  1807 | D        | Reached skill level 5 in Armour
  1807 | D        | Reached skill level 25 in Stealth
  1807 | D        | Reached XP level 12. HP: 88/88 MP: 12/12
  1866 | D        | Noticed a dire elephant
  1866 | D        | Noticed a dire elephant
  1866 | D        | Noticed Gastronok
  1892 | D        | Killed a dire elephant
  1902 | D        | Killed a dire elephant
  1903 | D        | Reached skill level 26 in Stealth
  1903 | D        | Reached skill level 1 in Evocations
  1925 | D        | Killed Gastronok
  1925 | D        | Received a gift from Trog
  1926 | D        | Reached skill level 1 in Throwing
  2023 | D        | Noticed an azure jelly
  2023 | D        | Noticed an azure jelly
  2039 | D        | Noticed a death yak
  2040 | D        | Noticed a death yak
  2048 | D        | Killed a death yak
  2054 | D        | Killed a death yak
  2055 | D        | Reached skill level 27 in Stealth
  2056 | D        | Noticed a death yak
  2057 | D        | Noticed a death yak
  2066 | D        | Killed a death yak
  2075 | D        | Killed a death yak
  2123 | D        | Noticed Polyphemus
  2144 | D        | Mangled by Polyphemus

Illustrated notes

Levels and vault maps discovered:
D:        dungeon_sprint_mu [sprint_mu_entry_cave, sprint_mu_temple_rooms,
          sprint_mu_d1_horrors, sprint_mu_d2_genie, sprint_mu_d3_branching,
          sprint_mu_orc_legion, sprint_mu_elf_gauntlet, sprint_mu_hive_nellie,
          sprint_mu_lair_fedhas, sprint_mu_vaults_butterflies,
          sprint_mu_slime_circle, sprint_mu_swamp_cave, sprint_mu_shoals_archi,
          sprint_mu_blade_basic, sprint_mu_crypt_chambers,
          sprint_mu_tomb_spiral, sprint_mu_vestibule_basic,
          sprint_mu_gehenna_hellfire, sprint_mu_dis_giant,
          sprint_mu_tartarus_statrot, sprint_mu_cocytus_islands, sprint_mu_zot1]

Skill      XL: |  1  2  3  4  5  6  7  8  9 10 11 12 |
---------------+-------------------------------------+-----
Fighting       | 5 6 7 8 9 10 11 12 13 15 16 | 16.8
Short Blades   | 6 7 8 10 11 14 15 16 17 19 20 | 20.4
Armour         | 2 3 4 5 6 |  6.4
Dodging        | 3 4 5 6 7 8 9 10 11 | 11.6
Stealth        | 1 2 3 4 7 10 13 16 20 25 27 | 27.0
Evocations     | 1 |  1.5
Throwing       | 1 |  1.5

Action                   |  1- 3 |  4- 6 |  7- 9 | 10-12 || total
-------------------------+-------+-------+-------+-------++-------
Melee: Short sword       |    17 |    12 |    34 |   223 ||   286
       Punch             |       |       |       |     1 ||     1
Throw: Dart              |       |       |       |     3 ||     3
Invok: Berserk           |     1 |     1 |     2 |     7 ||    11
       Brothers in Arms  |       |       |       |     1 ||     1
Evoke: Box of beasts     |       |       |       |     1 ||     1
  Use: Potion            |       |     3 |       |     4 ||     7
       Scroll            |       |       |     1 |     1 ||     2
 Stab: Sleeping          |     3 |     5 |     7 |    18 ||    33
Armor: Troll leather arm |       |       |     4 |    10 ||    14
Dodge: Dodged            |     4 |     5 |     3 |    83 ||    95

Table legend: (Time is in decaauts)
 A = Elapsed time spent in this place.
 B = Non-inter-level travel time spent in this place.
 C = Inter-level travel time spent in this place.
 D = Time resting spent in this place.
 E = Time spent auto-exploring this place.
 F = Levels seen in this place.
 G = Mean time per level.
                   A        B        C        D        E       F      G
               +--------+--------+--------+--------+--------+-----+--------+
         Total |   2179 |   2160 |     19 |    966 |     22 |   1 | 2179.0 |
       Dungeon |   2179 |   2160 |     19 |    966 |     22 |   1 | 2179.0 |
               +--------+--------+--------+--------+--------+-----+--------+

Top non-repeatable levels by time:
       D: 2179 daAuts
